[Event "Titled Tuesday Blitz April 18 Early 2023"]
[White "Hoffmann, Asa"]
[Black "Martinez Ramirez, Lennis"]
[WhiteFideId "2001470"]
[BlackFideId "3509079"]
[WhiteElo "2117"]
[BlackElo "2410"]
[Result "0-1"]
[Round "01"]
[TimeControl "180+2"]
[Date "2023.04.18"]
[WhiteClock "0:00:20"]
[BlackClock "0:00:07"]

1. d4 e6 2. e4 d5 3. e5 c5 4. Nf3 Qb6 5. Bd3 Nc6 6. O-O cxd4 7. a3 a5 8. b3 Nge7 9. Bf4 h6 10. h4 Nf5 11. Nbd2 Be7 12. h5 Bd7 13. Re1 Na7 14. Nf1 Nb5 15. Qd2 Nh4 16. N3h2 Nxa3 17. Qe2 Nf5 18. Qg4 Kf8 19. Qh3 Bb4 20. g4 Ne7 21. Re2 Bb5 22. Ng3 Bxd3 23. cxd3 Qb5 24. Ngf1 Rc8 25. g5 hxg5 26. Bxg5 Nf5 27. Ng4 Rc3 28. h6 gxh6 29. Bf6 Rg8 30. Nh2 Qxd3 31. Qh4 Qxe2 32. Kh1 Qe4+ 33. f3 Rxf3 34. Nxf3 Qxf3+ 35. Kh2 Nxh4 36. Bxh4 Qxg4 0-1


[Site "https://www.chess.com"]

[Event "Titled Tuesday Blitz April 18 Early 2023"]
[White "polandchessplayer"]
[Black "Buscar, Michael"]
[BlackFideId "2603616"]
[WhiteElo "2685"]
[BlackElo "2010"]
[Result "0-1"]
[Round "01"]
[TimeControl "180+2"]
[Date "2023.04.18"]
[WhiteClock "0:00:18"]
[BlackClock "0:00:12"]

1. d4 d5 2. Nf3 Nf6 3. g3 Bg4 4. Bg2 e6 5. O-O Be7 6. Ne5 Bh5 7. c4 c6 8. Nc3 O-O 9. Qb3 Qb6 10. c5 Qxb3 11. axb3 Nbd7 12. Nd3 Rfe8 13. Bf4 Bg6 14. Rfd1 Nh5 15. Be3 Bf8 16. b4 a6 17. Nf4 Nxf4 18. gxf4 f6 19. Ra3 Bf7 20. Rda1 Rac8 21. Rd1 Be7 22. Raa1 Bd8 23. Rd2 Bc7 24. Kh1 Nf8 25. Bh3 Rcd8 26. Rg1 e5 27. fxe5 fxe5 28. dxe5 Bxe5 29. Bd4 Ng6 30. e3 Nh4 31. Bg4 Bg6 32. Bd1 Re7 33. Rg4 Nf5 34. Bxe5 Rxe5 35. Ne2 Rf8 36. Rf4 Bh5 37. Nc3 Bxd1 38. Rxd1 g5 39. Rg4 Nh4 40. Kg1 h5 41. Rg3 g4 42. Ne2 Nf3+ 43. Kh1 Kh7 44. Nf4 Kh6 45. Rd4 Nxd4 46. exd4 Re1+ 0-1


[Site "https://www.chess.com"]

[Event "Titled Tuesday Blitz April 18 Early 2023"]
[White "Szente Varga, Fruzsina"]
[Black "Shuvalova, Polina"]
[WhiteFideId "712264"]
[BlackFideId "24171760"]
[WhiteElo "1994"]
[BlackElo "2281"]
[Result "0-1"]
[Round "01"]
[TimeControl "180+2"]
[Date "2023.04.18"]
[WhiteClock "0:00:16"]
[BlackClock "0:01:23"]

1. e4 c6 2. d4 d5 3. e5 Bf5 4. c3 e6 5. Ne2 Ne7 6. Ng3 Bg6 7. h4 h6 8. h5 Bh7 9. Bd3 Bxd3 10. Qxd3 c5 11. O-O Nd7 12. f4 Qb6 13. a4 Qa6 14. Qe3 Rc8 15. f5 exf5 16. Nxf5 Nxf5 17. Rxf5 Qe6 18. Rf1 Be7 19. Nd2 O-O 20. Nf3 Qg4 21. Bd2 Qxh5 22. e6 Nf6 23. exf7+ Qxf7 24. Ne5 Qe6 25. Qg3 Ne4 26. Qe3 Bg5 27. Qd3 Bxd2 28. Nf3 Bf4 29. Rad1 c4 30. Qc2 Qg4 31. Rde1 Qg3 32. Rxe4 dxe4 33. Qxe4 Rce8 34. Qd5+ Kh8 35. Qxc4 Be3+ 36. Kh1 Re4 0-1


[Site "https://www.chess.com"]

[Event "Titled Tuesday Blitz April 18 Early 2023"]
[White "Sammed Jaykumar, Shete"]
[Black "Peatman, Carter"]
[WhiteFideId "5073421"]
[BlackFideId "2096480"]
[WhiteElo "2278"]
[BlackElo "2003"]
[Result "1-0"]
[Round "01"]
[TimeControl "180+2"]
[Date "2023.04.18"]
[WhiteClock "0:00:39"]
[BlackClock "0:00:14"]

1. c4 e5 2. e3 Nc6 3. Nc3 Bc5 4. Nf3 d6 5. d4 Bb6 6. Be2 a6 7. c5 dxc5 8. d5 Nce7 9. Nxe5 Nf6 10. e4 Ba5 11. f3 O-O 12. O-O Re8 13. Nc4 Bxc3 14. bxc3 Ng6 15. Re1 Bd7 16. Bf1 c6 17. Nd6 Rf8 18. Nxb7 Qb6 19. Rb1 Qxb1 20. Nxc5 cxd5 21. exd5 Qxa2 22. c4 Rfc8 23. Nb3 Bf5 24. Nd4 Bd7 25. Bg5 Ne8 26. Qc1 Qa5 27. Be3 Nd6 28. Nb3 Qb4 29. Nd2 Nf5 30. Bf2 a5 31. c5 Bb5 32. Re4 1-0


[Site "https://www.chess.com"]

[Event "Titled Tuesday Blitz April 18 Early 2023"]
[White "Maung, Maung Kyaw Zaw Hein"]
[Black "Toropov, Pavel"]
[WhiteFideId "13001698"]
[BlackFideId "24129178"]
[WhiteElo "2019"]
[BlackElo "2182"]
[Result "1-0"]
[Round "01"]
[TimeControl "180+2"]
[Date "2023.04.18"]
[WhiteClock "0:01:19"]
[BlackClock "0:00:44"]

1. Nf3 d5 2. d4 Nf6 3. c4 c6 4. cxd5 cxd5 5. Nc3 a6 6. Bf4 Nc6 7. e3 Bg4 8. h3 Bxf3 9. Qxf3 e6 10. Bd3 Be7 11. O-O O-O 12. Rac1 Rc8 13. Na4 Nd7 14. Qg3 g6 15. Bd6 Nf6 16. Bxe7 Qxe7 17. Nc5 Rc7 18. Rc3 Rfc8 19. Rfc1 Nb4 20. Bb1 b6 21. Nd3 Rxc3 22. Rxc3 Rxc3 23. bxc3 Nc6 24. Ne5 Qc7 25. Ng4 Nxg4 26. Qxc7 Na5 27. hxg4 Nc4 28. Bd3 1-0


[Site "https://www.chess.com"]

[Event "Titled Tuesday Blitz April 18 Early 2023"]
[White "Bernabeu Lopez, Carlos Javier"]
[Black "Smiechu"]
[WhiteFideId "2235366"]
[WhiteElo "2344"]
[BlackElo "2342"]
[Result "1/2-1/2"]
[Round "01"]
[TimeControl "180+2"]
[Date "2023.04.18"]
[WhiteClock "0:02:06"]
[BlackClock "0:00:19"]

1. d4 Nf6 2. Nf3 c5 3. d5 e6 4. Nc3 b5 5. dxe6 fxe6 6. Nxb5 d5 7. Nc3 Bd6 8. Bg5 O-O 9. e3 Nc6 10. Bd3 Rb8 11. Rb1 Qa5 12. O-O d4 13. exd4 cxd4 14. Bxf6 dxc3 15. Bxc3 Qh5 16. Bxh7+ Kxh7 17. Qxd6 Bb7 18. Rbe1 Rbd8 19. Qg3 e5 20. Re4 Nd4 21. Rh4 Ne2+ 22. Kh1 Nxg3+ 23. hxg3 Bxf3 24. gxf3 Qxh4+ 25. gxh4 Rxf3 26. Kg2 Rf4 27. Bxe5 Rxh4 28. Bg3 Rc4 29. c3 Rd2 30. Rb1 Re4 31. a3 Ree2 32. b4 Ra2 33. Kf3 Rec2 34. Rh1+ Kg8 35. Rg1 Rxc3+ 36. Ke4 Rc4+ 37. Kd5 Rg4 38. Rc1 Rxa3 39. b5 Rd3+ 40. Kc6 Rb3 41. Be5 Rgb4 42. Rc5 Rb1 43. f4 Rd1 44. Kb7 a5 45. Ka6 a4 46. b6 a3 47. b7 Rdb1 48. Rc8+ Kh7 49. b8=Q Rxb8 50. Rxb8 a2 51. Rf8 Re1 52. Bb2 Rb1 53. Bc3 Rc1 54. Bb2 Rb1 55. Bd4 a1=Q+ 56. Bxa1 Rxa1+ 57. Kb5 Rc1 58. Rf5 Kg6 59. Rg5+ Kf6 60. Kb4 g6 61. Kb3 Rf1 62. Rg4 Kf5 63. Rg5+ Kf6 64. Rg4 Kf5 65. Rg5+ Kf6 1/2-1/2


[Site "https://www.chess.com"]

[Event "Titled Tuesday Blitz April 18 Early 2023"]
[White "Fuzesabonyilaci"]
[Black "O`Gorman, Tom"]
[BlackFideId "2508249"]
[WhiteElo "2338"]
[BlackElo "2271"]
[Result "0-1"]
[Round "01"]
[TimeControl "180+2"]
[Date "2023.04.18"]
[WhiteClock "0:00:15"]
[BlackClock "0:00:34"]

1. e4 c6 2. d4 d5 3. e5 Bf5 4. h4 h6 5. g4 Bd7 6. h5 c5 7. dxc5 Nc6 8. f4 e6 9. Be3 d4 10. Bxd4 Nxd4 11. Qxd4 Bc6 12. Qxd8+ Rxd8 13. Rh2 Bxc5 14. Ne2 Ne7 15. Bg2 Bxg2 16. Rxg2 Nd5 17. Rg3 Be3 18. Rf3 Bc1 19. Rb3 Nxf4 20. Nxf4 Bxf4 21. Rxb7 Bxe5 22. Nd2 O-O 23. Nf3 Bf6 24. Ke2 Rb8 25. Rxa7 Rxb2 26. Rc1 Rc8 27. Kd2 Rc3 28. Ke2 Rcxc2+ 29. Rxc2 Rxc2+ 30. Ke3 Rc4 31. a4 Rxg4 32. a5 Ra4 33. a6 Kh7 34. Rxf7 Rxa6 35. Ke2 Ra5 36. Nd2 Rxh5 37. Ne4 Kg6 38. Ra7 Rb5 39. Kf3 Rb3+ 40. Ke2 Kf5 41. Nf2 Rb2+ 0-1


[Site "https://www.chess.com"]

[Event "Titled Tuesday Blitz April 18 Early 2023"]
[White "Dimitrov, Atanas"]
[Black "Derichs, Roger"]
[WhiteFideId "2901315"]
[BlackFideId "4630076"]
[WhiteElo "2666"]
[BlackElo "2338"]
[Result "1-0"]
[Round "01"]
[TimeControl "180+2"]
[Date "2023.04.18"]
[WhiteClock "0:01:01"]
[BlackClock "0:00:01"]

1. Nf3 d5 2. e3 e6 3. c4 Nf6 4. Nc3 Be7 5. b3 b6 6. Bb2 Bb7 7. Be2 O-O 8. O-O c5 9. cxd5 Nxd5 10. d4 Nxc3 11. Bxc3 Nc6 12. Rc1 cxd4 13. Nxd4 Nxd4 14. Bxd4 Rc8 15. Rxc8 Qxc8 16. Qa1 f6 17. Rc1 Qd7 18. Rd1 Qc8 19. h3 Rd8 20. Bc4 Bd5 21. Bf1 e5 22. Rc1 Qb7 23. Bc3 Rc8 24. Rd1 Be6 25. Qb2 Qc7 26. Rc1 Qd7 27. a4 Qd6 28. Bd2 Rxc1 29. Bxc1 Qc6 30. Bd2 Bd5 31. Qb1 h6 32. Bb5 Qe6 33. b4 Qd6 34. Be1 Be6 35. Qc2 Kf7 36. Bd3 Qd7 37. a5 Qc8 38. Qb1 Qd7 39. a6 f5 40. Bc3 e4 41. Bf1 Bf6 42. Bxf6 Kxf6 43. Qb2+ Kf7 44. b5 Qd5 45. Qc3 Qd7 46. g3 Qe7 47. h4 Qd7 48. Qe5 Qd5 49. Qb8 Qd7 50. Qb7 1-0


[Site "https://www.chess.com"]

[Event "Titled Tuesday Blitz April 18 Early 2023"]
[White "crosky"]
[Black "Skvortsov, Andrei"]
[BlackFideId "24108600"]
[WhiteElo "2338"]
[BlackElo "2259"]
[Result "0-1"]
[Round "01"]
[TimeControl "180+2"]
[Date "2023.04.18"]
[WhiteClock "0:00:06"]
[BlackClock "0:01:08"]

1. c4 e5 2. g3 g6 3. Bg2 Bg7 4. Nc3 Ne7 5. e3 O-O 6. Nge2 c6 7. O-O Na6 8. Rb1 Nc7 9. c5 b6 10. b4 Rb8 11. Bb2 h6 12. d4 exd4 13. exd4 Ne6 14. Ne4 d5 15. cxd6 Nf5 16. Rc1 Nxd6 17. Rxc6 Nxe4 18. Bxe4 Bb7 19. Rxe6 fxe6 20. Bxb7 Rxb7 21. Nf4 Qf6 22. Qf3 Rd7 23. Qc6 Re7 24. Ba1 Qf5 25. Re1 Rfe8 26. b5 g5 27. Ng2 Qd5 28. Qc2 Qxb5 29. Ne3 Rf7 30. Ng4 Qf5 31. Qd1 h5 32. Ne3 Qf3 33. Qxf3 Rxf3 34. Kg2 Rff8 35. Nc4 Rd8 36. Rxe6 Bxd4 37. Bxd4 Rxd4 38. Ne5 Rd2 39. Rg6+ Kh7 40. Rxg5 Rfxf2+ 41. Kg1 Rxh2 42. Nf3 Rhg2+ 43. Kh1 Rxa2 44. Rxh5+ Kg6 45. Nh4+ Kxh5 46. Nxg2 0-1


[Site "https://www.chess.com"]

[Event "Titled Tuesday Blitz April 18 Early 2023"]
[White "Aaditya Dhingra"]
[Black "kuanysh1981"]
[WhiteFideId "25678191"]
[WhiteElo "2083"]
[BlackElo "2338"]
[Result "1-0"]
[Round "01"]
[TimeControl "180+2"]
[Date "2023.04.18"]
[WhiteClock "0:00:17"]
[BlackClock "0:00:05"]

1. d4 Nf6 2. c4 e6 3. Nc3 Bb4 4. Bd2 O-O 5. Nf3 b6 6. e3 Bb7 7. Bd3 d5 8. cxd5 exd5 9. O-O a6 10. Rc1 Bd6 11. Ne2 Nbd7 12. Ng3 g6 13. Qe2 Re8 14. Rfd1 Qe7 15. Be1 Ne4 16. Nd2 Nxg3 17. hxg3 Nf6 18. Nf1 Ne4 19. f3 Ng5 20. g4 Ne6 21. Qf2 c5 22. dxc5 bxc5 23. Bb1 d4 24. Qh4 dxe3 25. Qxe7 Bxe7 26. Nxe3 Nd4 27. Bd3 Bg5 28. Nc4 Bxc1 29. Rxc1 Rad8 30. Bf1 Bd5 31. Kf2 f5 32. gxf5 Nxf5 33. b3 h5 34. Ba5 Rb8 35. Bc7 Rb7 36. Bf4 Kh7 37. Bd3 Rd7 38. Nb6 Rdd8 39. Bxa6 Re6 40. Bc7 Rde8 41. Bb5 Rxb6 42. Bxe8 Ra6 43. a4 Bxb3 44. Bb5 Ra8 45. a5 c4 46. a6 Nd4 47. Bxc4 Bxc4 48. Rxc4 Nb5 49. Rc6 Kg8 50. Bf4 Nd4 51. Rxg6+ Kf7 52. Rd6 Ne6 53. Be3 h4 54. a7 Ke7 55. Rb6 Nc7 56. Rb7 Kd7 57. Bf4 1-0


[Site "https://www.chess.com"]

[Event "Titled Tuesday Blitz April 18 Early 2023"]
[White "Bogaudinov, Rushan"]
[Black "Skliarov, Viktor"]
[WhiteFideId "4129288"]
[BlackFideId "14106736"]
[WhiteElo "1967"]
[BlackElo "2317"]
[Result "0-1"]
[Round "01"]
[TimeControl "180+2"]
[Date "2023.04.18"]
[WhiteClock "0:00:02"]
[BlackClock "0:00:07"]

1. e4 c5 2. Nf3 Nc6 3. Bb5 e6 4. O-O Nge7 5. c3 a6 6. Ba4 b5 7. Bc2 d5 8. exd5 Nxd5 9. a4 b4 10. d4 c4 11. Bg5 Be7 12. Bxe7 Qxe7 13. Qe2 bxc3 14. bxc3 Na5 15. Ne5 Qc7 16. Be4 Bb7 17. Ra2 O-O 18. Rb2 f6 19. Qh5 g6 20. Nxg6 hxg6 21. Qxg6+ Qg7 22. Qh5 f5 23. Bf3 Nf4 24. Rxb7 Nxh5 25. Rxg7+ Nxg7 26. Bxa8 Rxa8 27. Nd2 Rb8 28. Rb1 Rxb1+ 29. Nxb1 Ne8 30. Kf1 Nc7 31. f3 Nd5 32. Ke2 Nb6 33. Ke3 Kf7 34. Kf4 Kf6 35. g4 Nd5+ 36. Kg3 f4+ 37. Kh4 Kg6 38. Kh3 Nb3 39. Na3 Nd2 40. Kg2 Kg5 41. Kf2 Nxc3 42. a5 Ncb1 43. Nc2 Nb3 44. Nb4 Nxa5 45. Nxa6 c3 46. Nb4 Nd2 47. Ke2 Kh4 48. Kd3 Nxf3 49. Kxc3 Nxh2 50. Nd3 f3 0-1


[Site "https://www.chess.com"]

[Event "Titled Tuesday Blitz April 18 Early 2023"]
[White "Perez Gormaz, Matias"]
[Black "Rodriguez Santiago, Jaime"]
[WhiteFideId "3406342"]
[BlackFideId "3100898"]
[WhiteElo "2362"]
[BlackElo "2025"]
[Result "1-0"]
[Round "01"]
[TimeControl "180+2"]
[Date "2023.04.18"]
[WhiteClock "0:00:30"]
[BlackClock "0:00:49"]

1. e4 c6 2. d4 d5 3. exd5 cxd5 4. Nf3 Nc6 5. Ne5 Nxe5 6. dxe5 a6 7. Bd3 g6 8. O-O Bg7 9. Re1 Nh6 10. Nd2 Qc7 11. Nf3 Bg4 12. h3 Bf5 13. Bxf5 Nxf5 14. Qxd5 Rd8 15. Qe4 h5 16. Bf4 e6 17. Bg5 Rd5 18. c4 Rc5 19. b3 O-O 20. g4 hxg4 21. hxg4 Ne7 22. Kg2 Nc6 23. Bf4 Rd8 24. a3 a5 25. Be3 Rxe5 26. Nxe5 Nxe5 27. Bf4 Qc5 28. Bxe5 Bxe5 29. Qxe5 1-0


[Site "https://www.chess.com"]

[Event "Titled Tuesday Blitz April 18 Early 2023"]
[White "Feinig, Mario"]
[Black "Jain Kashish Manoj"]
[WhiteFideId "1618113"]
[BlackFideId "35081098"]
[WhiteElo "2096"]
[BlackElo "2191"]
[Result "0-1"]
[Round "01"]
[TimeControl "180+2"]
[Date "2023.04.18"]
[WhiteClock "0:00:01"]
[BlackClock "0:00:08"]

1. e4 c5 2. Nf3 a6 3. c3 e6 4. d4 d5 5. exd5 exd5 6. Bd3 c4 7. Bc2 Nf6 8. O-O Be7 9. b3 cxb3 10. axb3 O-O 11. Ne5 Nc6 12. Nxc6 bxc6 13. Ba3 Re8 14. Bxe7 Qxe7 15. b4 Qc7 16. Nd2 Bg4 17. f3 Bd7 18. Nb3 Re3 19. Qd2 Rae8 20. Rfe1 Qf4 21. Rxe3 Qxe3+ 22. Qxe3 Rxe3 23. Rxa6 Rxc3 24. Bd1 g6 25. Nc5 Be8 26. Kf2 Kg7 27. Ke2 Rc4 28. Kd3 Rxb4 29. Ra7 Rb8 30. Ne6+ Kg8 31. Nc5 Rd8 32. Bc2 Bd7 33. Rb7 Bf5+ 34. Kc3 Bxc2 35. Kxc2 Ne8 36. Rb6 Rc8 37. Kc3 Nd6 38. Ra6 Nb5+ 0-1


[Site "https://www.chess.com"]

[Event "Titled Tuesday Blitz April 18 Early 2023"]
[White "Mendez Fortes, Eduardo Jesus"]
[Black "Andersson, Bjorn 1971"]
[WhiteFideId "3502376"]
[BlackFideId "1702114"]
[WhiteElo "2307"]
[BlackElo "2176"]
[Result "1-0"]
[Round "01"]
[TimeControl "180+2"]
[Date "2023.04.18"]
[WhiteClock "0:00:11"]
[BlackClock "0:00:14"]

1. e4 c5 2. Nf3 Nc6 3. d4 cxd4 4. Nxd4 Nf6 5. Nc3 e5 6. Ndb5 d6 7. Nd5 Nxd5 8. exd5 Ne7 9. c4 Ng6 10. Qa4 Bd7 11. Qb4 Bxb5 12. Qxb5+ Qd7 13. Qb3 Be7 14. c5 O-O 15. Bb5 Qc7 16. c6 bxc6 17. Bxc6 Rab8 18. Qa4 Bf6 19. O-O a5 20. Bd2 Rxb2 21. Qxa5 Qb8 22. Bc3 Bd8 23. Qa4 Rb6 24. Qc2 Ne7 25. Rfb1 Qa7 26. Bd2 Rxb1+ 27. Rxb1 Bb6 28. Bb4 Rd8 29. a4 Bc5 30. Bxc5 dxc5 31. g3 g6 32. Rb7 Nxc6 33. Rxa7 Nxa7 34. Qxc5 Nc8 35. Qc7 Rf8 36. d6 Nxd6 37. Qxd6 f6 38. a5 Rf7 39. a6 Kg7 40. Qb6 h5 41. a7 h4 42. a8=Q h3 43. Qe6 Rc7 44. Qag8+ Kh6 45. Qxh3+ Kg5 46. Qh4+ Kf5 47. g4+ Ke4 48. Qxg6+ Kd4 49. g5+ Kc3 50. Qg3+ Kb2 51. Qe3 Rc1+ 52. Kg2 Rc2 53. Qed3 Rc3 54. Qb1+ Ka3 55. Qa1+ Kb3 56. Qgb1+ Kc4 57. Qe4+ Kb3 58. Qaa4+ Kb2 59. Qe2+ Kc1 60. Qe1+ Kb2 61. Qd2+ Rc2 62. Qaxc2+ Ka3 63. Qdc3# 1-0


[Site "https://www.chess.com"]

[Event "Titled Tuesday Blitz April 18 Early 2023"]
[White "DeyanKostov"]
[Black "Karthik Rajaa"]
[BlackFideId "25035215"]
[WhiteElo "2326"]
[BlackElo "2215"]
[Result "0-1"]
[Round "01"]
[TimeControl "180+2"]
[Date "2023.04.18"]
[WhiteClock "0:00:06"]
[BlackClock "0:00:10"]

1. d4 Nf6 2. c4 g6 3. Nc3 Bg7 4. e4 d6 5. Nf3 O-O 6. h3 Nbd7 7. Be3 e5 8. d5 Nh5 9. g3 b6 10. Be2 a5 11. Qc2 Qe8 12. Nh4 Nhf6 13. g4 Nc5 14. Ng2 Nfd7 15. O-O-O Nb8 16. Rdg1 Nba6 17. a3 a4 18. h4 Nb3+ 19. Kb1 Nd4 20. Qd2 Nc5 21. f3 Ncb3 22. Qe1 Nxe2 23. Qxe2 Nd4 24. Qf1 Ba6 25. Ne1 c6 26. h5 b5 27. dxc6 Qxc6 28. Bxd4 exd4 29. Nd5 Ra7 30. hxg6 fxg6 31. Qh3 Be5 32. g5 Bc8 33. Qf1 bxc4 34. Nc2 d3 35. Ncb4 Qc5 36. Rh4 Qd4 37. Nc3 Rb7 38. Rgh1 Be6 39. Qd1 Rfb8 40. Qd2 Rf8 41. f4 Bh8 42. f5 gxf5 43. exf5 Qe5 44. g6 h6 45. Rxh6 Bg7 46. Rh7 Bxf5 47. Nbd5 Bxg6 48. R7h2 Rfb8 49. Re1 Rxb2+ 50. Ka1 Rxd2 51. Rxe5 Rxh2 52. Rg5 Rh1+ 53. Ka2 Kh7 54. Ne7 Rh2+ 55. Ka1 Bxc3# 0-1


[Site "https://www.chess.com"]

[Event "Titled Tuesday Blitz April 18 Early 2023"]
[White "Brunner, Nicolas"]
[Black "Ng, Gary"]
[WhiteFideId "620246"]
[BlackFideId "2604914"]
[WhiteElo "2327"]
[BlackElo "2326"]
[Result "1-0"]
[Round "01"]
[TimeControl "180+2"]
[Date "2023.04.18"]
[WhiteClock "0:01:01"]
[BlackClock "0:00:01"]

1. Nf3 Nf6 2. g3 b5 3. Bg2 Bb7 4. O-O c5 5. d3 d5 6. Nbd2 e6 7. Qe1 Qb6 8. e4 Be7 9. e5 Nfd7 10. Qe2 Nc6 11. c4 bxc4 12. dxc4 d4 13. Re1 O-O 14. h4 h6 15. h5 Rfd8 16. a3 Nf8 17. Qd3 a5 18. Nf1 a4 19. N1h2 Na5 20. Bf4 Qxb2 21. Rab1 Qc3 22. Qxc3 dxc3 23. Rec1 Ba6 24. Rxc3 Bxc4 25. Be3 Rac8 26. Rbc1 Bd5 27. Bxc5 Bxc5 28. Rxc5 Rxc5 29. Rxc5 Nb3 30. Rc7 Rb8 31. Ng4 Kh7 32. Ne3 Bxf3 33. Bxf3 Kg8 34. Nc4 Nd4 35. Bc6 Rb1+ 36. Kg2 Nxc6 37. Rxc6 Rc1 38. Na5 Rxc6 39. Nxc6 Nd7 40. Kf3 Kf8 41. Ke4 Nc5+ 42. Kd4 Nb3+ 43. Kc3 Ke8 44. Kb4 Kd7 45. Kxa4 Nc5+ 46. Kb5 Nd3 47. f4 Nf2 48. a4 Ne4 49. a5 Nc3+ 50. Kb6 Nd5+ 51. Kb7 Nc7 52. Nb8+ Kd8 53. a6 1-0


[Site "https://www.chess.com"]

[Event "Titled Tuesday Blitz April 18 Early 2023"]
[White "Skaric, Djuro"]
[Black "Sieciechowicz, Marcin"]
[WhiteFideId "934569"]
[BlackFideId "1130170"]
[WhiteElo "2282"]
[BlackElo "2302"]
[Result "0-1"]
[Round "01"]
[TimeControl "180+2"]
[Date "2023.04.18"]
[WhiteClock "0:01:01"]
[BlackClock "0:00:16"]

1. g3 e5 2. Bg2 d5 3. d3 Nf6 4. Nf3 c5 5. O-O Nc6 6. Nc3 d4 7. Ne4 Nxe4 8. dxe4 Be7 9. Ne1 O-O 10. h3 f6 11. f4 Be6 12. f5 Bf7 13. g4 c4 14. Rf3 b5 15. Rg3 Qb6 16. Kh2 Rad8 17. h4 Kh8 18. Bf3 b4 19. Ng2 b3 20. g5 bxc2 21. Qxc2 d3 22. exd3 cxd3 23. Qd2 Bb4 24. Qe3 d2 25. g6 Bg8 26. gxh7 Bxh7 27. Bxd2 Rxd2 28. Qb3 Nd4 29. Qa4 Qa5 30. Qxa5 Bxa5 31. Rb1 Rc8 32. Bh5 Rcc2 33. Kh3 Bb6 34. b4 Rxa2 35. Rc1 Rac2 36. Rxc2 Rxc2 37. Rd3 Bg8 38. Ne1 Rc1 39. Nf3 Bc4 40. Bg6 Bxd3 0-1


[Site "https://www.chess.com"]

[Event "Titled Tuesday Blitz April 18 Early 2023"]
[White "Lewtak, Damian"]
[Black "ibove"]
[WhiteFideId "1141724"]
[WhiteElo "2302"]
[BlackElo "2323"]
[Result "1-0"]
[Round "01"]
[TimeControl "180+2"]
[Date "2023.04.18"]
[WhiteClock "0:00:54"]
[BlackClock "0:00:37"]

1. e4 c5 2. Nf3 d6 3. Bb5+ Nd7 4. O-O a6 5. Bd3 b5 6. c4 bxc4 7. Bxc4 Ngf6 8. Nc3 g6 9. d4 cxd4 10. Nxd4 Bb7 11. Qb3 Nc5 12. Bxf7+ Kd7 13. Be6+ Ke8 14. Qd1 Nxe6 15. Nxe6 Qd7 16. Nxf8 Kxf8 17. Bh6+ Kf7 18. Re1 Ng4 19. e5 Qf5 20. Qb3+ d5 21. Qxb7 Nxh6 22. Qxd5+ Kg7 23. e6 Rab8 24. b3 Rhc8 25. Qd4+ Qf6 26. Qxf6+ Kxf6 27. Nd5+ Kg7 28. Nxe7 Rc2 29. Nd5 Rd2 30. e7 Kf7 31. Nc7 1-0


[Site "https://www.chess.com"]

[Event "Titled Tuesday Blitz April 18 Early 2023"]
[White "Garrido, Denis"]
[Black "Arias, Juan Cruz"]
[WhiteFideId "601217"]
[BlackFideId "118540"]
[WhiteElo "2322"]
[BlackElo "2243"]
[Result "1-0"]
[Round "01"]
[TimeControl "180+2"]
[Date "2023.04.18"]
[WhiteClock "0:00:17"]
[BlackClock "0:00:15"]

1. d4 Nf6 2. c4 e6 3. Nc3 d5 4. cxd5 exd5 5. Bg5 c6 6. e3 h6 7. Bh4 Be7 8. Bd3 O-O 9. Nge2 Re8 10. O-O Nbd7 11. a4 Nh5 12. Bxe7 Qxe7 13. a5 a6 14. Na4 g6 15. Ra3 Ng7 16. Bb1 Nf6 17. f3 Bf5 18. Ba2 h5 19. Nc5 Rac8 20. b4 Rc7 21. Re1 h4 22. Nf4 g5 23. Nfd3 Bxd3 24. Rxd3 Nd7 25. e4 Nxc5 26. dxc5 Qe5 27. Qd2 Rce7 28. Bxd5 cxd5 29. Rxd5 Qf4 30. Qc3 Ne6 31. Rf5 Qc7 32. Qf6 Qc6 33. Rd1 Rd7 34. Rdd5 Red8 35. Rxg5+ Nxg5 36. Rxg5+ Kf8 37. Qh8+ Ke7 38. Re5+ Qe6 39. Qxh4+ Ke8 40. Rxe6+ fxe6 41. h3 Rd2 42. Qf6 Kd7 43. Qf7+ Kc6 44. Qxe6+ Kb5 45. Qb6+ Kc4 46. Qxb7 Rg8 47. Qf7+ 1-0


[Site "https://www.chess.com"]

[Event "Titled Tuesday Blitz April 18 Early 2023"]
[White "Tregubov, Pavel V."]
[Black "Balint, Vilmos"]
[WhiteFideId "4115341"]
[BlackFideId "718050"]
[WhiteElo "2425"]
[BlackElo "2034"]
[Result "1-0"]
[Round "01"]
[TimeControl "180+2"]
[Date "2023.04.18"]
[WhiteClock "0:02:32"]
[BlackClock "0:02:32"]

1. e4 e6 2. d4 d5 3. e5 c5 4. c3 Nc6 5. Nf3 Nh6 6. Bxh6 gxh6 7. Be2 Bg7 8. O-O O-O 9. Na3 Bd7 10. Nc2 Rc8 11. Ne3 Qb6 12. Qd2 Na5 13. Ng4 h5 14. Nf6+ Bxf6 15. exf6 Kh8 16. Qh6 Rg8 17. Bd3 Rg6 18. Bxg6 fxg6 19. Qg7# 1-0


[Site "https://www.chess.com"]

[Event "Titled Tuesday Blitz April 18 Early 2023"]
[White "Zaichenko, Daria"]
[Black "Bodi, Tibor"]
[WhiteFideId "4197453"]
[BlackFideId "701084"]
[WhiteElo "2039"]
[BlackElo "2187"]
[Result "0-1"]
[Round "01"]
[TimeControl "180+2"]
[Date "2023.04.18"]
[WhiteClock "0:01:58"]
[BlackClock "0:02:18"]

1. e4 Nf6 2. e5 Nd5 3. d4 d6 4. Nf3 Nb6 5. c4 g6 6. Nc3 Bg7 7. exd6 cxd6 8. Be2 O-O 9. O-O Nc6 10. Be3 Bg4 11. b3 d5 12. c5 Nc8 13. h3 Bxf3 14. Bxf3 e6 15. Ne2 N8e7 16. Qd2 e5 17. dxe5 Nxe5 18. Nd4 Nxf3+ 19. gxf3 Re8 20. b4 Qd7 21. Rad1 Qxh3 22. f4 Bxd4 23. Bxd4 Nf5 24. f3 Nxd4 25. Qxd4 Qg3+ 26. Kh1 Re2 0-1


[Site "https://www.chess.com"]

[Event "Titled Tuesday Blitz April 18 Early 2023"]
[White "Poliakova, Varvara"]
[Black "Ardila, Oscar Humberto"]
[WhiteFideId "13518313"]
[BlackFideId "4404742"]
[WhiteElo "2075"]
[BlackElo "1918"]
[Result "1-0"]
[Round "01"]
[TimeControl "180+2"]
[Date "2023.04.18"]
[WhiteClock "0:01:36"]
[BlackClock "0:00:20"]

1. e4 e5 2. Nf3 Nf6 3. Nc3 Nc6 4. d4 Bb4 5. d5 Nd4 6. Nxd4 Bxc3+ 7. bxc3 exd4 8. Qxd4 O-O 9. Bd3 d6 10. Bg5 h6 11. Bh4 g5 12. Bg3 Re8 13. O-O Qe7 14. Rae1 Ng4 15. f4 c5 16. dxc6 bxc6 17. e5 dxe5 18. fxe5 h5 19. Qe4 f5 20. exf6 Qxe4 21. Rxe4 Rxe4 22. Bxe4 Be6 23. h3 Ne3 24. Rb1 Nd5 25. Be5 Re8 26. Rb7 Bf7 27. Bg6 Rxe5 28. Bxf7+ Kf8 29. Bg6 Nxf6 30. Rf7+ Kg8 31. Rxf6 Kg7 32. Rxc6 Re2 33. Bd3 Rd2 34. Rc7+ Kf6 35. Rxa7 h4 36. Kf1 Ke5 37. Ra5+ Kf4 38. Rf5+ Ke3 39. Rf3# 1-0


[Site "https://www.chess.com"]

[Event "Titled Tuesday Blitz April 18 Early 2023"]
[White "Havanecz, Bianka"]
[Black "Harshad S"]
[WhiteFideId "704814"]
[BlackFideId "46616551"]
[WhiteElo "2315"]
[BlackElo "2163"]
[Result "1/2-1/2"]
[Round "01"]
[TimeControl "180+2"]
[Date "2023.04.18"]
[WhiteClock "0:00:38"]
[BlackClock "0:00:09"]

1. d4 Nf6 2. c4 e6 3. Nc3 Bb4 4. Qc2 O-O 5. Nf3 d5 6. cxd5 exd5 7. Bf4 c5 8. dxc5 Nc6 9. e3 Qa5 10. Bd3 Bxc5 11. O-O Nb4 12. Qb1 Nxd3 13. Qxd3 Be6 14. a3 Be7 15. Nd4 Rac8 16. Nxe6 fxe6 17. b4 Qd8 18. Nb5 a6 19. Nd4 Qd7 20. Rac1 Bd6 21. Bxd6 Qxd6 22. h3 e5 23. Nb3 Ne4 24. f3 Nf6 25. Rfd1 Qe7 26. Nc5 Kh8 27. Nb3 e4 28. fxe4 dxe4 29. Qd4 Rcd8 30. Qc5 Qf7 31. Rxd8 Rxd8 32. Nd4 h6 33. Qc7 Rd7 34. Qb8+ Kh7 35. Qf4 Qa2 36. Qf5+ Kg8 37. Rc8+ Kf7 38. Kh2 Qd5 39. Qxd5+ Nxd5 40. Rc5 Nxe3 41. Ne2 Nd5 42. Rc4 Nf6 43. Kg3 g5 44. Kf2 Rd3 45. Rc7+ Kg6 46. Rxb7 Rxa3 47. Rb6 Kf5 48. Ng3+ Ke5 49. b5 Nd5 50. Rb8 axb5 51. Rxb5 Ra2+ 52. Kg1 Ra3 53. Nf1 Rd3 54. Rb8 e3 55. Re8+ Kd4 56. Re6 Nf4 57. Rd6+ Kc3 58. Rc6+ Kb2 59. Nxe3 Rxe3 60. Rxh6 Rg3 61. h4 Rxg2+ 62. Kf1 Rg4 63. hxg5 Rxg5 64. Rf6 Nd3 65. Rb6+ Kc3 66. Ke2 Re5+ 67. Kf3 Rf5+ 68. Kg4 Rf4+ 69. Kg5 Kd2 70. Rd6 Rf1 71. Rd8 Ke3 72. Kg4 Rg1+ 73. Kf5 Nf2 74. Re8+ Kf3 75. Rf8 Ra1 76. Ke6+ Ke2 77. Kd5 Nd3 78. Kd4 Kd2 79. Kd5 Ra4 80. Rh8 Kc3 81. Rh3 Ra5+ 82. Kc6 Kc4 83. Rh4+ Kc3 84. Rh3 Kd4 85. Rh4+ Kc3 86. Rh3 1/2-1/2


[Site "https://www.chess.com"]